[Event "Early-Titled-Tuesday-Blitz-March-19-2024"]
[Site "Chess.com"]
[Date "2024.03.19"]
[Round "3"]
[White "Fjal"]
[Black "Daaksboy"]
[Result "0-1"]
[WhiteElo "2324"]
[BlackElo "1920"]
[TimeControl "180+1"]
[EndTime "8:27:15 PDT"]
[Termination "Daaksboy won by resignation"]

1. Nf3 Nf6 2. g3 b6 3. Bg2 Bb7 4. O-O e6 5. c4 Be7 6. Nc3 O-O 7.
d4 h6 8. Qc2 Qc8 9. e4 d5 10.
cxd5 exd5 11. e5 Ne4 12. Nxe4 dxe4 13. Nd2 Nc6 14. Nb3 Rd8 15. Rd1 Nb4 16. Qe2 a5 17. a4 Qe6 18. Nd2 Rxd4 19. Nxe4 Rxd1+ 20. Qxd1 Qxe5 21. Bf4 Qe6 22. Bxc7 Bxe4 23. Qd4 Bxg2 24. Kxg2 Qd5+ 25. Qxd5 Nxd5 26. Be5 Bf6 27. Bxf6 Nxf6 28.
Rc1 Kf8 29. Rc6 Nd7 30. Kf3 Ke7 31. Ke4 Rd8 32. f4 Nc5+ 33. Ke3 Nxa4 34. b3 Nc5 35. Rxb6 Rd3+ 36. Ke2 Rxb3 37. Rc6 Rb2+ 38. Ke3 Ne6 39. Ra6 Ra2 40. f5 Nc5 41. Ra7+ Nd7 42. Kd4 a4 43. g4 a3 44. h4 Rg2 45. g5 hxg5 46. hxg5 Rxg5 47.
Rxa3 Rxf5 48. Re3+ Re5 49. Rg3 g5 0-1

[Event "Early-Titled-Tuesday-Blitz-March-19-2024"]
[Site "Chess.com"]
[Date "2024.03.19"]
[Round "3"]
[White "NovozhilovSemen"]
[Black "YaWaleriy"]
[Result "1-0"]
[WhiteElo "2622"]
[BlackElo "2391"]
[TimeControl "180+1"]
[EndTime "8:27:18 PDT"]
[Termination "NovozhilovSemen won by resignation"]

1. d4 d5 2. c4 e6 3. Nf3 Nf6 4. g3 Be7 5. Bg2 O-O 6. O-O c6 7. Qc2 b6 8. Nbd2 Bb7 9. e4 Na6 10. a3 Rc8 11. e5 Ne8 12. cxd5 cxd5 13. Qa4 Nec7 14. Re1 Qe8 15. Qd1 b5 16. Bf1 Na8 17.
h4 h6 18. b3 Nb6 19. Bb2 Nc7 20. Rc1 a5 21. Re3 a4 22. Ne1 axb3 23. Rxb3 Ba6 24. Nd3 Nc4 25. Nc5 Bxc5 26. dxc5 Qe7 27. Bd4 Qd7 28.
Rb4 Bb7 29. a4 Bc6 30. axb5 Nxb5 31. Nxc4 dxc4 32. Be3 Qd5 33. f3 Rb8 34. Bxc4 Qxf3 35. Qxf3 Bxf3 36. Rxb5 1-0

[Event "Early-Titled-Tuesday-Blitz-March-19-2024"]
[Site "Chess.com"]
[Date "2024.03.19"]
[Round "3"]
[White "shirovin"]
[Black "AktilekAskarovich"]
[Result "0-1"]
[WhiteElo "2046"]
[BlackElo "2363"]
[TimeControl "180+1"]
[EndTime "8:27:19 PDT"]
[Termination "AktilekAskarovich won by checkmate"]

1. d4 Nf6 2. Nc3 d5 3. Bf4 e6 4.
Nb5 Na6 5. e3 Be7 6. Nf3 O-O 7.
Be2 c6 8. Nc3 c5 9. Bxa6 bxa6 10. dxc5 Bxc5 11. O-O Bd6 12. Bxd6 Qxd6 13. e4 Qb4 14. exd5 Qxb2 15. Qd3 Rd8 16. d6 Qa3 17. Rfd1 Bb7 18. Ne5 Rac8 19. Nb1 Qxd3 20. Rxd3 Rc5 21. Nf3 Bxf3 22. gxf3 Rxc2 23. Nc3 Rb2 24. Rc1 g6 25. Ne4 Nd5 26. Rc6 Rb1+ 27. Kg2 Nf4+ 28. Kg3 Nxd3 29. d7 Kg7 30. Rc7 Rg1+ 31. Kh3 h6 32. Nd6 Nf4+ 33. Kh4 g5# 0-1

[Event "Early-Titled-Tuesday-Blitz-March-19-2024"]
[Site "Chess.com"]
[Date "2024.03.19"]
[Round "3"]
[White "Ergali_Suleimen"]
[Black "mary-sanna"]
[Result "1-0"]
[WhiteElo "2427"]
[BlackElo "2197"]
[TimeControl "180+1"]
[EndTime "8:27:21 PDT"]
[Termination "Ergali_Suleimen won by resignation"]

1. e4 c5 2. Nf3 Nc6 3. Bb5 Nd4 4. Nxd4 cxd4 5. Bc4 d6 6. O-O Nf6 7. d3 e5 8. c3 dxc3 9. Nxc3 Be6 10. Bg5 Be7 11. Bxf6 Bxf6 12. Qb3 Qe7 13. Nd5 Bxd5 14. Bxd5 O-O 15.
Rac1 Bg5 16. Rc2 Rac8 17. g3 b6 18. Kg2 Rc5 19. Rc4 Qc7 20. Qd1 b5 21. Rxc5 dxc5 22.
Qg4 Bf6 23. Qf5 Qa5 24. Rc1 Qd2 25. Rxc5 Qxb2 26. Rc7 a5 27. Rxf7 Rxf7 28. Qc8+ 1-0

[Event "Early-Titled-Tuesday-Blitz-March-19-2024"]
[Site "Chess.com"]
[Date "2024.03.19"]
[Round "3"]
[White "AlexanderKing"]
[Black "Manukyan_Artak"]
[Result "0-1"]
[WhiteElo "2618"]
[BlackElo "2458"]
[TimeControl "180+1"]
[EndTime "8:27:22 PDT"]
[Termination "Manukyan_Artak won on time"]

1. c4 g6 2. Nc3 Bg7 3. d4 d6 4. e4 Nf6 5. Be2 O-O 6. Be3 e5 7. d5 a5 8. h3 Na6 9. Nf3 Nc5 10.
Nd2 Nfd7 11. g4 h6 12. h4 Kh7 13. h5 g5 14. Nf1 c6 15. dxc6 bxc6 16. Qxd6 Ne6 17.
Qxc6 Rb8 18. b3 Nd4 19. Bxd4 exd4 20. Nd5 d3 21. Rd1 dxe2 22. Kxe2 Ne5 23. Qa4 Bxg4+ 0-1

[Event "Early-Titled-Tuesday-Blitz-March-19-2024"]
[Site "Chess.com"]
[Date "2024.03.19"]
[Round "3"]
[White "Jospem"]
[Black "CSB7"]
[Result "1-0"]
[WhiteElo "3056"]
[BlackElo "2779"]
[TimeControl "180+1"]
[EndTime "8:27:24 PDT"]
[Termination "Jospem won by resignation"]

1. e4 e5 2. Nf3 Nc6 3. Nc3 Nf6 4.
h3 d5 5. Bb5 Nxe4 6. O-O Nxc3 7.
dxc3 f6 8. Nxe5 fxe5 9. Qh5+ Kd7 10. Qxe5 Qf6 11. Qxd5+ Bd6 12. c4 a6 13. Ba4 b5 14.
cxb5 axb5 15. Bxb5 Bb7 16. Bg5 Qe5 17. Qxe5 Bxe5 18.
Rad1+ Bd6 19. c4 Kc8 20. a3 Rf8 21. Rfe1 Ra5 22. b4 Rxb5 23. cxb5 Ne5 24. Bh4 Nc4 25. Be7 Bxe7 26. Rxe7 Nxa3 27. b6 cxb6 28. Rxg7 Nb5 29. Rxh7 Kb8 30. Rh6 Nc3 31. Re1 Nd5 32. b5 Ka7 33. f3 Rc8 34. h4 Rc5 35. Ra1+ Kb8 36. Rh8+ Kc7 37. Ra7 Ne7 38. Rh7 Re5 39. h5 Kb8 40.
Ra4 Nf5 41. Rf4 Rxb5 42. h6 Bc8 43. Rh8 Rb1+ 44. Kh2 Ne7 45. Rf6 1-0

[Event "Early-Titled-Tuesday-Blitz-March-19-2024"]
[Site "Chess.com"]
[Date "2024.03.19"]
[Round "3"]
[White "Sadykov_Ramil"]
[Black "pirulillo"]
[Result "0-1"]
[WhiteElo "2595"]
[BlackElo "2368"]
[TimeControl "180+1"]
[EndTime "8:27:26 PDT"]
[Termination "pirulillo won by checkmate"]

1. d4 Nf6 2. Nc3 d5 3. Bf4 g6 4. Qd2 Bg7 5. Bh6 O-O 6. Bxg7 Kxg7 7. O-O-O c6 8. Nf3 b5 9. Ne5 Qa5 10. a3 Qb6 11. f3 a5 12. h4 h5 13. g4 b4 14. Na4 Qc7 15. g5 Nfd7 16. Nxd7 Nxd7 17.
axb4 axb4 18. Qxb4 Ba6 19. b3 Bb5 20. Qxe7 Bxa4 21.
bxa4 Rxa4 22. Bh3 Qa5 23. Qxf8+ Kxf8 24. Bxd7 Ra1+ 25. Kb2 Qa3# 0-1

[Event "Early-Titled-Tuesday-Blitz-March-19-2024"]
[Site "Chess.com"]
[Date "2024.03.19"]
[Round "3"]
[White "nihalsarin"]
[Black "Nuvas"]
[Result "1-0"]
[WhiteElo "3176"]
[BlackElo "2828"]
[TimeControl "180+1"]
[EndTime "8:27:27 PDT"]
[Termination "nihalsarin won by resignation"]

1. a3 g6 2. e4 c5 3. b4 Bg7 4. Ra2 b6 5. Bb2 Nf6 6. e5 Nd5 7. Qf3 e6 8. c4 Nc7 9. b5 a6 10. h4 h5 11. Nc3 Ra7 12. Ne4 O-O 13. Nf6+ Kh8 14. Nh3 Ne8 15. Nxh5 Bb7 16. Qg4 d6 17.
Nxg7 Nxg7 18. h5 gxh5 19. Nf4 1-0

[Event "Early-Titled-Tuesday-Blitz-March-19-2024"]
[Site "Chess.com"]
[Date "2024.03.19"]
[Round "3"]
[White "TregubovP"]
[Black "chess_blitz00"]
[Result "1-0"]
[WhiteElo "2689"]
[BlackElo "2469"]
[TimeControl "180+1"]
[EndTime "8:27:27 PDT"]
[Termination "TregubovP won by resignation"]

1. e4 g6 2. d4 Bg7 3. Nf3 a6 4. Nc3 b5 5. Be2 Bb7 6. O-O d6 7. a4 c6 8. Re1 Nd7 9. h3 Qc7 10. Bf1 b4 11. Na2 a5 12. c3 c5 13. Bb5 bxc3 14.
Nxc3 cxd4 15. Nd5 Bxd5 16. exd5 Nf6 17. Nxd4 O-O 18. Rxe7 Rae8 19. Rxe8 Rxe8 20. Nc6 Qb6 21. Be3 Rxe3 22. fxe3 Qxe3+ 23. Kh1 Ne4 24. Qf3 Nf2+ 25. Kh2 Be5+ 26. Nxe5 Qxe5+ 27. Kg1 Qd4 28. Qxf2 1-0

[Event "Early-Titled-Tuesday-Blitz-March-19-2024"]
[Site "Chess.com"]
[Date "2024.03.19"]
[Round "3"]
[White "jocmil"]
[Black "Schattman"]
[Result "1-0"]
[WhiteElo "2766"]
[BlackElo "2511"]
[TimeControl "180+1"]
[EndTime "8:27:30 PDT"]
[Termination "jocmil won on time"]

1. b3 Nf6 2. Bb2 g6 3. g3 Bg7 4.
Bg2 c5 5. Nf3 Nc6 6. O-O O-O 7.
c4 d6 8. Nc3 e5 9. e3 Re8 10.
h3 a6 11. d4 cxd4 12. exd4 e4 13. Ng5 e3 14. fxe3 Rxe3 15. Qd2 Rxg3 16. Qf4 Rd3 17. Nd5 h6 18. Nxf6+ Bxf6 19. Ne4 Bg7 20. Qxf7+ Kh8 21. Qxg6 Bxh3 22. Nf6 Bxf6 23. Qxh6+ 1-0

[Event "Early-Titled-Tuesday-Blitz-March-19-2024"]
[Site "Chess.com"]
[Date "2024.03.19"]
[Round "3"]
[White "Gryffindorac8"]
[Black "andrew-blr"]
[Result "0-1"]
[WhiteElo "2369"]
[BlackElo "2615"]
[TimeControl "180+1"]
[EndTime "8:27:30 PDT"]
[Termination "andrew-blr won by resignation"]

1. d4 d5 2. c4 dxc4 3. Nf3 b5 4.
e3 Bb7 5. a4 c6 6. axb5 cxb5 7.
b3 a5 8. bxc4 b4 9. Bd3 Nf6 10.
O-O Nbd7 11. Nbd2 e6 12. Bb2 Be7 13. e4 Nc5 14. Qe2 Nxd3 15. Qxd3 O-O 16. e5 Nd7 17. d5 Nc5 18. Qe3 exd5 19. cxd5 Qxd5 20. Rfd1 a4 21. Rac1 a3 22. Ba1 b3 23. Rxc5 Qxc5 24. Qxb3 Bd5 25. Qd3 a2 26. Ne4 Bxe4 27. Qxe4 Qb4 28. Qf5 Rfd8 29.
Rf1 Qb3 30. h4 Rd1 31. e6 Rxf1+ 32. Kxf1 Qb1+ 0-1

[Event "Early-Titled-Tuesday-Blitz-March-19-2024"]
[Site "Chess.com"]
[Date "2024.03.19"]
[Round "3"]
[White "Levanzovsky"]
[Black "lamomiajunior"]
[Result "0-1"]
[WhiteElo "2427"]
[BlackElo "2728"]
[TimeControl "180+1"]
[EndTime "8:27:31 PDT"]
[Termination "lamomiajunior won on time"]

1. e4 c5 2. Nf3 d6 3. c3 Nf6 4. Be2 Nc6 5. d4 cxd4 6. cxd4 d5 7. e5 Ne4 8. Nc3 Nxc3 9. bxc3 Bf5 10. Nh4 Be4 11.
f3 e6 12. O-O Bg6 13. Nxg6 hxg6 14. Rb1 Qc7 15. Qb3 Rb8 16. f4 Be7 17. Be3 O-O 18.
Rf3 Rfc8 19. Qd1 Na5 20. Rc1 Nc4 21. Bf2 b5 22. Rh3 Qa5 23. Bf1 Qxa2 24. Qg4 Nd2 25.
Qe2 Qb2 26. Rd1 Nc4 27. Qg4 b4 28. Bh4 Bf8 29. Bg5 f5 30. exf6 Kf7 31. fxg7 Bxg7 32. Re1 Re8 33. Rh7 Qxc3 34. Qh4 Qxd4+ 35. Kh1 Rh8 0-1

[Event "Early-Titled-Tuesday-Blitz-March-19-2024"]
[Site "Chess.com"]
[Date "2024.03.19"]
[Round "3"]
[White "Rurep26"]
[Black "Rogarcia1"]
[Result "1-0"]
[WhiteElo "2722"]
[BlackElo "2492"]
[TimeControl "180+1"]
[EndTime "8:27:32 PDT"]
[Termination "Rurep26 won by resignation"]

1. d4 d5 2. Bf4 c5 3. e3 cxd4 4. exd4 Nc6 5. c3 Bf5 6. Qb3 Qd7 7. Nd2 e6 8. Ngf3 f6 9. Be2 g5 10. Bg3 h5 11. h4 g4 12. Nh2 Bh6 13. Nhf1 Nge7 14.
Ne3 Bg6 15. Qa3 e5 16. Nb3 b6 17. dxe5 fxe5 18. Rd1 Qe6 19. O-O Bxe3 20. fxe3 Nf5 21. Rxf5 Bxf5 22. Ba6 Rd8 23. Bb5 d4 24. exd4 e4 25.
d5 Rxd5 26. Nd4 Rxd4 27. Rxd4 e3 28. Rd6 Qe4 29. Bxc6+ Qxc6 30. Rxc6 e2 31. Rc7 1-0

[Event "Early-Titled-Tuesday-Blitz-March-19-2024"]
[Site "Chess.com"]
[Date "2024.03.19"]
[Round "3"]
[White "shimastream"]
[Black "nabukatnezarr"]
[Result "1-0"]
[WhiteElo "3005"]
[BlackElo "2568"]
[TimeControl "180+1"]
[EndTime "8:27:33 PDT"]
[Termination "shimastream won by resignation"]

1. e4 e5 2. d4 exd4 3. Qxd4 Nc6 4. Qe3 Nf6 5. Nc3 Bb4 6. Bd2 O-O 7. O-O-O Re8 8. Bc4 d6 9. Nf3 h6 10. Rhe1 Bg4 11.
h3 Bc5 12. Qf4 Bxf3 13. gxf3 Bxf2 14. Re2 Bd4 15. Rg2 Kh8 16. Rxg7 Kxg7 17. Qxh6+ Kg8 18.
Bg5 Nh7 19. Bxd8 Raxd8 20. Bxf7+ Kxf7 21. Qxh7+ Ke6 22. Nd5 Rf8 23. Nxc7+ Ke5 24. Qh5+ 1-0

[Event "Early-Titled-Tuesday-Blitz-March-19-2024"]
[Site "Chess.com"]
[Date "2024.03.19"]
[Round "3"]
[White "GMAneta"]
[Black "ajeale2"]
[Result "1-0"]
[WhiteElo "2667"]
[BlackElo "2458"]
[TimeControl "180+1"]
[EndTime "8:27:33 PDT"]
[Termination "GMAneta won on time"]

1. d4 d6 2. Nf3 Nd7 3. e4 g6 4. Nc3 Bg7 5. Bc4 e6 6. O-O Ne7 7. Be3 O-O 8. Qd2 Re8 9. Bh6 Bh8 10.
Rfe1 c6 11. h3 b5 12. Bd3 a6 13. Qf4 e5 14. dxe5 dxe5 15. Qh4 Bf6 16. Ng5 Nf8 17.
a4 Rb8 18. axb5 axb5 19. Ra7 Rb7 20. Rea1 Ne6 21. Nxe6 Bxh4 22. Nxd8 Rxd8 23. Rxb7 Bxb7 24. Ra7 Rb8 25. f4 Nc8 26. Ra1 Bf6 27. g4 b4 28.
Ne2 Nd6 29. g5 Bh8 30. f5 gxf5 31. exf5 e4 32. Ba6 Ra8 33. Rd1 Rxa6 34. Rxd6 Ra8 35. f6 Re8 36. Kf2 c5 37. Ke3 c4 38. Nd4 Ba8 39. Nf5 c3 40. Rd8 1-0

[Event "Early-Titled-Tuesday-Blitz-March-19-2024"]
[Site "Chess.com"]
[Date "2024.03.19"]
[Round "3"]
[White "sergoy"]
[Black "Predator0608"]
[Result "1-0"]
[WhiteElo "2937"]
[BlackElo "2564"]
[TimeControl "180+1"]
[EndTime "8:27:35 PDT"]
[Termination "sergoy won by resignation"]

1. d4 Nf6 2. c4 e6 3. Nc3 Bb4 4.
a3 Bxc3+ 5. bxc3 O-O 6. e3 b6 7. Bd3 c5 8. e4 cxd4 9. cxd4 Nc6 10. Nf3 d5 11. cxd5 exd5 12. e5 Ne4 13. Qc2 Bb7 14. O-O Rc8 15. Qe2 Na5 16. Bf4 Nb3 17. Rab1 Na5 18.
h4 h6 19. Rbc1 Qe7 20. h5 Qxa3 21. Nd2 Nxd2 22. Bxd2 Qe7 23. Qg4 Rxc1 24. Rxc1 Qe6 25. Bf5 Qe7 26. Bxh6 f6 27. Qg6 fxe5 28. Qh7+ Kf7 29.
Qxg7+ Ke8 30. Bg6+ Kd8 31. Qxf8+ 1-0

[Event "Early-Titled-Tuesday-Blitz-March-19-2024"]
[Site "Chess.com"]
[Date "2024.03.19"]
[Round "3"]
[White "Niilo1"]
[Black "Willhaven3"]
[Result "1-0"]
[WhiteElo "2309"]
[BlackElo "2529"]
[TimeControl "180+1"]
[EndTime "8:27:35 PDT"]
[Termination "Niilo1 won on time"]

1. e4 Nf6 2. e5 Nd5 3. d4 d6 4. Nf3 g6 5. Be2 Bg7 6. O-O O-O 7. h3 Nc6 8. c4 Rb8 9. cxd5 Nb4 10. Nc3 Bf5 11.
a3 Na6 12. e6 c6 13. g4 fxe6 14. gxf5 exf5 15. dxc6 bxc6 16. Bxa6 e5 17. dxe5 Qb6 18. Bc4+ d5 19. Be2 Rbd8 20. b4 d4 21. Na4 Qc7 22. Nc5 Qf7 23. Ng5 Qd5 24. Qc2 Bxe5 25. Bc4 Qxc4 26.
Qxc4+ Kg7 27. Nge6+ 1-0

[Event "Early-Titled-Tuesday-Blitz-March-19-2024"]
[Site "Chess.com"]
[Date "2024.03.19"]
[Round "3"]
[White "zurzan"]
[Black "Dr_Pepper18"]
[Result "0-1"]
[WhiteElo "2039"]
[BlackElo "2361"]
[TimeControl "180+1"]
[EndTime "8:27:35 PDT"]
[Termination "Dr_Pepper18 won by checkmate"]

1. c4 Nf6 2. g3 e6 3. Bg2 d5 4.
Nf3 dxc4 5. Qa4+ Nbd7 6. Qxc4 a6 7. Qc2 Rb8 8. d4 b5 9. O-O Bb7 10. Nbd2 c5 11. e4 Rc8 12. Qd3 cxd4 13. Nxd4 Ne5 14. Qe2 Qxd4 15. Nb3 Qd8 16. f4 Nc4 17. Kh1 Be7 18. g4 O-O 19. g5 Nd7 20. h4 Nc5 21. Rd1 Qc7 22. Nd4 Rfd8 23. b3 Nd6 24. e5 Bxg2+ 25.
Kxg2 Nf5 26. Nxf5 exf5 27. Bb2 Ne4 28. Rac1 Qb7 29. Rxc8 Rxc8 30. Kh2 Qc6 31. Rc1 Qe8 32. Rxc8 Qxc8 33. a4 Qd7 34. axb5 axb5 35. h5 Qd2 36. Qxd2 Nxd2 37. g6 fxg6 38. hxg6 hxg6 39. e6 Nxb3 40. Be5 Nc5 41. Bb2 Nxe6 42. Kg3 Bd6 43. Bc1 Nxf4 44. Kf3 Ne6 45. Bb2 Kf7 46. Ke3 Be7 47. Kd3 Bf6 48. Ba3 g5 49. Bb4 g4 50. Ke3 Bg5+ 51.
Kf2 f4 52. Kg2 Kg6 53. Bd6 Kf5 54. Bc7 f3+ 55. Kf2 Bh4+ 56. Kf1 Nf4 57. Bb6 g3 58. Bc5 Nh3 59. Bd4 g2# 0-1

[Event "Early-Titled-Tuesday-Blitz-March-19-2024"]
[Site "Chess.com"]
[Date "2024.03.19"]
[Round "3"]
[White "leandrojimenez"]
[Black "LeoWin2012"]
[Result "1-0"]
[WhiteElo "2418"]
[BlackElo "2195"]
[TimeControl "180+1"]
[EndTime "8:27:36 PDT"]
[Termination "leandrojimenez won by resignation"]

1. d4 Nf6 2. c4 g6 3. Nc3 Bg7 4. e4 d6 5. f3 O-O 6. Be3 Nbd7 7. Qd2 e5 8. d5 a6 9. Nge2 b5 10. g4 bxc4 11. Ng3 Rb8 12. h4 Nc5 13. Bxc4 a5 14. h5 Ba6 15. Bxa6 Nxa6 16. g5 Ne8 17.
Qh2 Nb4 18. O-O-O Qc8 19. hxg6 fxg6 20. Qxh7+ Kf7 21. Rh6 Qb7 22. Qxg6+ Ke7 23. Rh2 Rxf3 24. Nf5+ Kd8 25. Qe6 Bf8 26. g6 Qa6 27. Bg5+ 1-0

[Event "Early-Titled-Tuesday-Blitz-March-19-2024"]
[Site "Chess.com"]
[Date "2024.03.19"]
[Round "3"]
[White "Antipov_Mikhail_Al"]
[Black "Viktoker"]
[Result "1-0"]
[WhiteElo "2914"]
[BlackElo "2558"]
[TimeControl "180+1"]
[EndTime "8:27:37 PDT"]
[Termination "Antipov_Mikhail_Al won by resignation"]

1. e4 c5 2. Nf3 d6 3. Bb5+ Bd7 4. c4 Bxb5 5. cxb5 a6 6. bxa6 Rxa6 7. d4 cxd4 8. Nxd4 Nc6 9. O-O g6 10. Nc3 Bg7 11.
Be3 Nf6 12. Ndb5 O-O 13. f3 Ne5 14. Qb3 Qa5 15. Rfd1 Rc8 16. Rac1 Rca8 17. a3 Rc6 18. Nd5 Nxd5 19. exd5 Rxc1 20. Rxc1 h5 21. Kf1 h4 22. h3 Bf6 23. Rc7 Qa6 24. Kf2 Kg7 25. f4 Nc6 26. dxc6 bxc6 27. Nxd6 Qa5 28. Qxf7+ Kh6 29.
f5+ 1-0

[Event "Early-Titled-Tuesday-Blitz-March-19-2024"]
[Site "Chess.com"]
[Date "2024.03.19"]
[Round "3"]
[White "Ticoluis"]
[Black "Felix-Rose"]
[Result "1-0"]
[WhiteElo "2462"]
[BlackElo "2258"]
[TimeControl "180+1"]
[EndTime "8:27:37 PDT"]
[Termination "Ticoluis won by resignation"]

1. e4 e5 2. Nf3 Nc6 3. Bb5 a6 4. Ba4 Nf6 5. d3 b5 6. Bb3 Bc5 7. O-O d6 8. Be3 Bxe3 9. fxe3 Ne7 10. Qe1 Ng6 11. Nc3 O-O 12. Nh4 Nxh4 13. Qxh4 c6 14. Rf3 Be6 15. Raf1 Nd7 16. Qh5 Nc5 17. Rg3 Nxb3 18.
Qh6 g6 19. axb3 b4 20. Na4 Qe7 21. d4 f5 22. d5 cxd5 23. exd5 f4 24. exf4 Bxd5 25.
f5 Rf6 26. Nb6 Qa7 27. Qe3 Rb8 28. Nxd5 1-0

[Event "Early-Titled-Tuesday-Blitz-March-19-2024"]
[Site "Chess.com"]
[Date "2024.03.19"]
[Round "3"]
[White "CatLoverPL"]
[Black "Andrei_Skvortsov"]
[Result "0-1"]
[WhiteElo "2510"]
[BlackElo "2739"]
[TimeControl "180+1"]
[EndTime "8:27:40 PDT"]
[Termination "Andrei_Skvortsov won by resignation"]

1. g3 h5 2. h4 Nf6 3. Bg2 d5 4.
c4 c6 5. cxd5 cxd5 6. Nf3 Nc6 7.
O-O e5 8. d3 Be7 9. Nc3 Bg4 10.
Bg5 O-O 11. Bxf6 Bxf6 12. e4 dxe4 13. dxe4 Qxd1 14. Rfxd1 g6 15. Nd5 Bd8 16. Rd3 Kg7 17.
Kh2 f6 18. Bh3 Rh8 19. Kg2 Bxf3+ 20. Kxf3 g5 21. hxg5 fxg5 22. Bf5 Nd4+ 23. Kg2 Nxf5 24. exf5 Rf8 25. Ne3 Bb6 26. Nc4 Bd4 27. Ne3 Rac8 28. Rad1 Rf7 29. R1d2 Rc5 30. b4 Rcc7 31. f3 Bxe3 32.
Rxe3 Rxf5 33. g4 hxg4 34. fxg4 Rf4 35. Kg3 Rxb4 36. Rxe5 Rc3+ 37. Kg2 Rxg4+ 38. Kf2 Kf6 39. Ra5 Rf4+ 40. Kg2 a6 41. Rd7 Rb4 42. Rdd5 Rb2+ 0-1

[Event "Early-Titled-Tuesday-Blitz-March-19-2024"]
[Site "Chess.com"]
[Date "2024.03.19"]
[Round "3"]
[White "Aradhya2000"]
[Black "Er_is_geen_hoop_meer"]
[Result "1-0"]
[WhiteElo "2708"]
[BlackElo "2480"]
[TimeControl "180+1"]
[EndTime "8:27:41 PDT"]
[Termination "Aradhya2000 won by checkmate"]

1. d4 e6 2. c4 f5 3. Nf3 Nf6 4. Bf4 b6 5. e3 Bb7 6. Bd3 Bd6 7. Bxd6 cxd6 8. O-O O-O 9. Nc3 Ne4 10. Bxe4 fxe4 11.
Nd2 d5 12. cxd5 exd5 13. Qb3 Qg5 14. Ndxe4 Qh5 15. Nd6 Bc6 16. e4 a5 17. exd5 a4 18. Qd1 Qg6 19. Nc4 Bb7 20. Re1 b5 21. Ne5 Qb6 22. a3 d6 23. Nf3 Nd7 24. Re7 Nf6 25.
Qe2 Kh8 26. Qxb5 Qxb5 27. Nxb5 Bxd5 28. Nxd6 Rab8 29. Re2 g6 30. Ne5 Rb6 31. Ndc4 Rc6 32. Nxc6 Bxc4 33. Rc2 Bb3 34. Re2 Nd5 35. g3 Kg7 36.
Nb4 Nf6 37. Rc1 Ng4 38. h3 Nh6 39. Rc7+ Kf6 40. Rxh7 Nf5 41. Nc6 Bd5 42. g4 Nd6 43. Ne5 Rc8 44. Nd7+ Kg5 45. Re5+ Kf4 46. Rxd5 Ne4 47.
Rf7+ Nf6 48. Rxf6+ Ke4 49. Re5+ Kd3 50. Rd6 g5 51. Rc5 Re8 52. Ne5+ Kd2 53. Kg2 Ke1 54. Nf3+ Kd1 55. Rdc6 Re6 56. Rc1+ Ke2 57. Rxe6+ Kd3 58. Re3# 1-0

[Event "Early-Titled-Tuesday-Blitz-March-19-2024"]
[Site "Chess.com"]
[Date "2024.03.19"]
[Round "3"]
[White "KetiTsatsalashvili"]
[Black "lluiss"]
[Result "1-0"]
[WhiteElo "2493"]
[BlackElo "2261"]
[TimeControl "180+1"]
[EndTime "8:27:41 PDT"]
[Termination "KetiTsatsalashvili won on time"]

1. d4 Nf6 2. c4 g6 3. Nc3 d5 4. cxd5 Nxd5 5. e4 Nxc3 6. bxc3 Bg7 7. Nf3 c5 8. Be2 O-O 9. O-O Nc6 10. Be3 Bg4 11. d5 Ne5 12. Nxe5 Bxe2 13. Qxe2 Bxe5 14. Bxc5 Bxc3 15. Rac1 Bg7 16. h4 Qd7 17. h5 f5 18.
Rfd1 fxe4 19. hxg6 hxg6 20. Qxe4 Rae8 21. Qxg6 Qf5 22. Qe6+ Kh7 23. Qxf5+ Rxf5 24. Bxa7 Ra8 25. Be3 Rxa2 26. Rc7 Bf6 27. Rxb7 Ra5 28. d6 1-0

[Event "Early-Titled-Tuesday-Blitz-March-19-2024"]
[Site "Chess.com"]
[Date "2024.03.19"]
[Round "3"]
[White "Witik"]
[Black "vugarrasulov"]
[Result "0-1"]
[WhiteElo "2763"]
[BlackElo "2985"]
[TimeControl "180+1"]
[EndTime "8:27:43 PDT"]
[Termination "vugarrasulov won on time"]

1. d4 Nf6 2. c4 e6 3. Nf3 d5 4. g3 dxc4 5. Bg2 Bb4+ 6. Bd2 a5 7. O-O O-O 8. Qc2 b5 9. a4 c6 10. Bg5 Bb7 11. Nc3 h6 12. Bxf6 Qxf6 13. Ne5 Qe7 14. e3 Rc8 15. f4 Nd7 16. axb5 Nxe5 17. fxe5 cxb5 18. Ne4 Bxe4 19. Qxe4 c3 20. bxc3 Bxc3 21.
Ra2 Ra7 22. Qg4 Qg5 23. Qf3 b4 24. h4 Qg6 25. Raf2 b3 26. d5 b2 27. dxe6 b1=Q 28. exf7+ Rxf7 0-1

[Event "Early-Titled-Tuesday-Blitz-March-19-2024"]
[Site "Chess.com"]
[Date "2024.03.19"]
[Round "3"]
[White "Matols"]
[Black "NtcPou"]
[Result "1-0"]
[WhiteElo "2347"]
[BlackElo "1988"]
[TimeControl "180+1"]
[EndTime "8:27:43 PDT"]
[Termination "Matols won by resignation"]

1. d4 d5 2. c4 c6 3. Nf3 Nf6 4.
Qb3 a6 5. g3 b5 6. c5 Bf5 7.
Bg2 Nbd7 8. Bf4 h6 9. h4 Ne4 10. Nbd2 e6 11. h5 Be7 12. Qe3 Ndf6 13. Ne5 Rc8 14.
Nxe4 Bxe4 15. f3 Bh7 16. Bh3 Nd7 17. Nxf7 Kxf7 18. Qxe6+ Ke8 19. Bd6 Bg8 20. Qg6+ Bf7 21. Qxg7 Rg8 22. Qxh6 Bxd6 23. Qxd6 Bxh5 24. Bxd7+ Qxd7 25. Qxd7+ Kxd7 26. Rxh5 Rxg3 27. Kf2 Rcg8 28. Rh7+ Ke6 29. Rah1 Rg2+ 30. Ke3 R8g6 31. R1h6 Kf5 32. Rf7+ Ke6 33. Rxg6+ Rxg6 34. Ra7 Kf5 35. Rxa6 Re6+ 36.
Kd3 Kf4 37. Ra7 Re3+ 38. Kd2 Re6 39. Rf7+ Kg5 40. Kd3 Kg6 41. Rf8 Kg5 42. f4+ Kg4 43. f5 Re4 44. f6 Rf4 45. f7 Kf5 46. Rg8 1-0

[Event "Early-Titled-Tuesday-Blitz-March-19-2024"]
[Site "Chess.com"]
[Date "2024.03.19"]
[Round "3"]
[White "arnash_bauyrzhan"]
[Black "IsaqueGoncalvesSanto"]
[Result "1-0"]
[WhiteElo "2343"]
[BlackElo "1865"]
[TimeControl "180+1"]
[EndTime "8:27:43 PDT"]
[Termination "arnash_bauyrzhan won on time"]

1. e4 e6 2. d4 d5 3. Nd2 Nc6 4. Ngf3 Nf6 5. e5 Nd7 6. c3 f6 7.
Bb5 fxe5 8. Bxc6 bxc6 9. Nxe5 Nxe5 10. dxe5 Bc5 11. Qh5+ g6 12. Qh6 Bf8 13. Qf4 Ba6 14. c4 Bg7 15. O-O Qe7 16. b3 Rf8 17. Qg3 Rf5 18. Re1 Kf8 19. Nf3 Kg8 20. Nd4 Qb4 21. Bb2 Rh5 22. Nxe6 Qd2 23. Bc3 1-0

[Event "Early-Titled-Tuesday-Blitz-March-19-2024"]
[Site "Chess.com"]
[Date "2024.03.19"]
[Round "3"]
[White "BilodeauA"]
[Black "Shuvalov"]
[Result "1-0"]
[WhiteElo "3042"]
[BlackElo "2569"]
[TimeControl "180+1"]
[EndTime "8:27:45 PDT"]
[Termination "BilodeauA won by resignation"]

1. e4 e6 2. Nf3 d5 3. Nc3 Bb4 4. e5 Ne7 5. d4 c5 6. a3 Bxc3+ 7. bxc3 b6 8. Bb5+ Bd7 9. Bd3 Ba4 10. h4 c4 11. Be2 h6 12. h5 Kd7 13. Qd2 Qg8 14.
Bd1 Qh7 15. Ra2 Na6 16. Qf4 Raf8 17. g4 Qe4+ 18. Qxe4 dxe4 19. Nd2 e3 20. fxe3 Nd5 21.
Nb1 Bc6 22. e4 Ne7 23. Nd2 f6 24. exf6 Rxf6 25. Bf3 Rhf8 26. O-O Nc7 27. a4 g6 28. Ba3 gxh5 29. gxh5 Rf4 30. Raa1 Rg8+ 31. Kf2 Rg5 32. Ke3 Rh4 33. Nxc4 Rh3 34. Ne5+ Rxe5 35. dxe5 Ke8 36.
c4 Na6 37. Rh1 Rxh1 38. Rxh1 Bxa4 39. Ra1 b5 40. Bd6 Nc6 41. c3 Kd7 42. Be2 Nc7 43. Bxc7 Kxc7 44. cxb5 Nxe5 45. Rxa4 1-0